 Dungeon Crawl Stone Soup version 0.29.1 (webtiles) character file.

Game seed: 17686995516176851696

57821 masschaos23 the Severer (level 14, -3/199 HPs)
             Began as a Hill Orc Fighter on Sept 13, 2022.
             Was a High Priest of Beogh.
             Slain by a guardian serpent (8 damage)
             ... on level 3 of the Snake Pit.
             The game lasted 02:00:00 (28634 turns).

masschaos23 the Severer (Hill Orc Fighter)         Turns: 28634, Time: 02:00:00

Health: -3/199     AC: 31    Str: 22    XL:     14   Next: 87%
Magic:  16/16      EV:  9    Int:  8    God:    Beogh [*****.]
Gold:   1112       SH: 19    Dex: 18    Spells: 13/13 levels left

rFire   . . .      SeeInvis .   j - +7 war axe (venom)
rCold   . . .      Faith    .   q - +1 tower shield
rNeg    . . .      Spirit   .   S - +7 chain mail "Paor" {rPois}
rPois   +          Reflect  .   (no helmet)
rElec   .          Harm     .   t - +1 cloak {Will+}
rCorr   .          Rampage  .   H - +1 pair of gloves
Will    ++...                   u - +1 pair of boots
Stlth   ..........              m - amulet of regeneration
HPRegen 1.23/turn               D - +6 ring of dexterity
MPRegen 0.15/turn               y - +4 ring of protection

@: mighty, berserking, lethally poisoned (-3 -> -4), very quick
A: walk on water, sense surroundings 1, poison resistance, wild magic 1
a: Renounce Religion, Smiting, Recall Orcish Followers, Give Item to Named
Follower


You were on level 3 of the Snake Pit.
You worshipped Beogh.
Beogh was extremely pleased with you.
You visited 4 branches of the dungeon, and saw 18 of its levels.

You collected 1695 gold pieces.
You spent 583 gold pieces at shops.

Inventory:

Hand Weapons
 g - a +1 spear of venom
 j - a +7 war axe of venom (weapon)
 n - the +5 broad axe "Yxei" {freeze, Fly rC++ Str+4 Dex-4}
   (You acquired it on level 9 of the Dungeon)

   It freezes those it strikes, dealing additional cold damage.
   It can also slow down cold-blooded creatures.
   Str:       It affects your strength (+4).
   Dex:       It affects your dexterity (-4).
   rC:        It greatly protects you from cold.
   Fly:       It grants you flight.
 O - the +11 long sword "Wiehekh" {holy, Str+4 Dex+6}
   (You found it on level 9 of the Dungeon)

   It has been blessed by the Shining One to cause great damage to the undead
   and demons.
   Str:       It affects your strength (+4).
   Dex:       It affects your dexterity (+6).
Armour
 q - a +1 tower shield (worn)
 t - a +1 cloak of willpower (worn)
 u - a +1 pair of boots (worn)
 H - a +1 pair of gloves (worn)
 S - the +7 chain mail "Paor" (worn) {rPois}
   (You found it on level 2 of the Lair of Beasts)

   rPois:     It protects you from poison.
Jewellery
 m - an amulet of regeneration (around neck)
 y - a +4 ring of protection (right hand)
 D - a +6 ring of dexterity (left hand)
Wands
 a - a wand of mindburst (8)
 b - a wand of digging (6)
 i - a wand of light (5)
 w - a wand of roots (6)
 z - a wand of flame (12)
 G - a wand of paralysis (13)
 Q - a wand of polymorph (5)
Scrolls
 c - 4 scrolls of teleportation
 l - 5 scrolls of fear
 C - 4 scrolls of fog
 M - a scroll of silence
 R - a scroll of magic mapping
Potions
 d - 5 potions of might
 f - 2 potions of flight
 h - 2 potions of invisibility
 k - a potion of haste
 o - a potion of lignification
 r - 11 potions of curing
 F - 4 potions of attraction
 W - 3 potions of heal wounds
 Y - a potion of resistance
Miscellaneous
 e - a piece from Xom's chessboard (15/15)
 B - a condenser vane
 I - a box of beasts (inert)


   Skills:
 + Level 14.6 Fighting
 + Level 3.9 Long Blades
 + Level 17.7 Axes
 + Level 1.7 Throwing
 + Level 13.6 Armour
 + Level 5.2 Dodging
 - Level 2.5 Stealth
 + Level 12.3 Shields
 + Level 2.9 Invocations
 + Level 1.7 Evocations


You had 13 spell levels left.
You didn't know any spells.
Your spell library contained the following spells:

 Spells                   Type           Power      Damage    Failure   Level
 Foxfire                  Conj/Fire      0%         2x1d4     100%        1
 Sandblast                Erth           0%         2d4       100%        1
 Shock                    Conj/Air       0%         1d3       100%        1
 Passwall                 Tmut/Erth      0%         N/A       100%        2
 Conjure Flame            Conj/Fire      0%         6-21      100%        3
 Frozen Ramparts          Ice            0%         1d1       100%        3
 Gell's Gravitas          Tloc           0%         N/A       100%        3
 Inner Flame              Hex/Fire       0%         N/A       100%        3
 Lesser Beckoning         Tloc           0%         N/A       100%        3
 Stone Arrow              Conj/Erth      0%         3d7       100%        3
 Swiftness                Air            0%         N/A       100%        3
 Teleport Other           Tloc           0%         N/A       100%        3
 Airstrike                Air            0%         2d(0-16)  100%        4
 Flame Wave               Conj/Fire      0%         2d4       100%        4
 Hailstorm                Conj/Ice       0%         3d3       100%        4
 Ice Form                 Ice/Tmut       0%         N/A       100%        4
 Summon Ice Beast         Ice/Summ       0%         N/A       100%        4
 Simulacrum               Ice/Necr       0%         N/A       100%        6


Dungeon Overview and Level Annotations

Branches:
Dungeon (11/15)            Temple (0/1) D:7            Lair (3/5) D:11
  Swamp (0/4) Lair:2        Snake (3/4) Lair:3          Orc (2/2) D:9
    Elf (0/3) Orc:2

Altars:
Gozag
Kikubaaqudgha
Wu Jian
Yredelemnul
The Shining One
Beogh

Shops:
D:1 :   Orc:2 ?:([   Snake:3 !

Annotations:
D:11 exclusion: obsidian statue


Innate Abilities, Weirdness & Mutations

You can walk on water.
You passively map a small area around you.
Your system is resistant to poisons. (rPois)
Your spells are a little harder to cast, but a little more powerful.


Message History

The naga warrior hits you with a +0 dire flail!!
* * * LOW HITPOINT WARNING * * *
You block the naga warrior's attack.
Brunolf hits the black mamba with a +0 short sword!
Herok hits the black mamba with the +6 spear "Isepal" {flame, rPois Will+}!!
Herok burns the black mamba.
You block the black mamba's attack.
A naga ritualist comes into view. It is wielding a +0 dire flail.
The black mamba misses Herok.
The shock serpent bites you but does no damage.
You are too berserk!
The black mamba hisses angrily.
You hit the shock serpent.
The shock serpent looks as sick as possible!
The shock serpent is almost dead.
You slash the black mamba!
The black mamba is poisoned.
You slash the black mamba! You barely miss the guardian serpent.
You slash the naga warrior!
You feel sick.
You kill the shock serpent!
Beogh accepts your kill.
Beogh blesses Berold with healing.
The black mamba bites you but does no damage.
The black mamba closely misses Herok.
Berold hits the black mamba with a +2 glaive of venom!
The naga warrior roars a battlecry!
The naga ritualist goes into a battle-frenzy!
You block the guardian serpent's attack.
Herok hits the black mamba with the +6 spear "Isepal" {flame, rPois Will+}!!
Herok burns the black mamba.
The black mamba dies!
Beogh accepts your kill.
You slash the black mamba!
The black mamba is severely wounded.
You slash the naga warrior!
You kill the naga warrior!
Beogh accepts your kill.
Beogh blesses Morun with ranged armament.
You completely miss the black mamba. You slash the guardian serpent!
The guardian serpent is poisoned.
The black mamba bites you but does no damage.
You block the black mamba's attack. x2; The guardian serpent hits you!
You die...

, * #. #..#......#..
,..###...#........
#.#...........[...
###.###...........N. ,,
##....#....!......... ,
###.##..#..#.....N.....
#....#........o)N..S...
,, ,
*#[..oo##.....o@S.N....
,
##..o####..o.oSS...(..,
,
##..o####..###oo>...(P.,
#...oo.##.## ##.......(
####.#.oo.# #........ ,
, , #.###..# *#........
,, ## ##.###...#*
......###
#.##...#..............
#...............


You could see a naga warrior (strong), a naga ritualist (strong), a guardian
serpent (very poisoned), 3 black mambas, 2 nagas, a friendly orc knight
(strong), the friendly Berold the orc knight (strong), the friendly Brunolf the
orc knight (strong), the friendly Herok the orc knight (strong), the friendly
Morun the orc knight (strong) and the friendly Wargath the orc knight (strong).

Vanquished Creatures
  3 hydras (Lair:3)
  A boulder beetle (D:11)
  An anaconda (Snake:1)
  A naga warrior (Snake:3)
  6 two-headed ogres
  3 death yaks (Lair:3)
  A shock serpent (Snake:3)
  An orc high priest (Orc:2)
  An orc knight (D:9)
  3 skeletal warriors (D:11)
  Pikel (D:4)
  A mana viper (Snake:3)
  A cyclops (Orc:2)
  4 elephants
  3 black mambas
  3 naga magi
  A torpor snail (Lair:3)
  2 cane toads
  Maggie (D:6)
  A komodo dragon (Lair:3)
  2 trolls
  A queen bee (D:10)
  Prince Ribbit (D:6)
  2 blink frogs (Lair:2)
  Grinder (D:4)
  A dream sheep (Lair:3)
  Sigmund (D:6)
  A shadow (D:11)
  2 wyverns
  Eustachio (D:5)
  A wraith (D:10)
  15 yaks
  A steam dragon (D:6)
  3 wargs (Orc:2)
  9 nagas
  Edmund (D:4)
  2 acid dragons (D:11)
  5 water moccasins
  10 orc warriors
  A sky beast (D:6)
  An ice beast (D:7)
  A wolf (Lair:2)
  7 ogres
  3 centaurs
  3 phantoms
  Blork the orc (D:6)
  2 kobold brigands
  2 bullfrogs
  A scorpion (D:4)
  7 wights
  27 killer bees (D:10)
  A howler monkey (D:5)
  An electric eel (Lair:3)
  2 jellies
  7 hounds
  8 orc priests
  A gnoll bouda (D:4)
  Ijyb (D:4)
  Natasha (thrice) (D:4)
  5 orc wizards
  2 iguanas
  12 gnolls
  9 adders
  A white imp (D:6)
  An ufetubus (D:5)
  2 worms (D:2)
  3 dart slugs
  30 orcs
  7 endoplasms
  2 giant cockroaches
  7 goblins
  4 hobgoblins
  11 jackals
  15 kobolds
  A quokka (D:2)
  3 ball pythons
  7 bats
  6 frilled lizards
  4 rats
  A plant (Lair:3)
312 creatures vanquished.

Vanquished Creatures (collateral kills)
  Nikola (Snake:1)
  A nagaraja (Snake:2)
  2 orc warlords (Orc:2)
  4 hydras
  A two-headed ogre (Orc:2)
  2 anacondas
  5 naga warriors
  An alligator (Lair:3)
  3 death yaks (Lair:3)
  A naga sharpshooter (Snake:1)
  3 orc high priests (Orc:2)
  2 shock serpents (Snake:2)
  A skeletal warrior (D:11)
  2 naga ritualists
  A mana viper (Snake:1)
  3 orc sorcerers (Orc:2)
  2 oklob plants (D:11)
  An orc knight (Orc:2)
  A salamander (Snake:3)
  2 manticores
  12 elephants (Lair:2)
  A torpor snail (Lair:3)
  6 naga magi
  15 black mambas
  A guardian serpent (Snake:3)
  11 cane toads
  A rime drake (Lair:3)
  A freezing wraith (D:11)
  3 komodo dragons (Lair:3)
  3 polar bears (Lair:3)
  4 trolls
  18 blink frogs
  2 wraiths (D:11)
  A shadow (D:10)
  A wyvern (Lair:3)
  21 yaks
  4 basilisks
  10 nagas
  13 water moccasins
  12 orc warriors (Orc:2)
  2 ogres (Orc:2)
  15 wolves
  5 bullfrogs
  A gnoll sergeant (D:11)
  A wight (D:10)
  A killer bee (D:10)
  An electric eel (Lair:3)
  7 orc priests (Orc:2)
  4 orc wizards (Orc:2)
  2 iguanas (Lair:2)
  2 gnolls (D:11)
  18 orcs
  2 bushes
  A fungus (Lair:3)
  3 plants (Lair:3)
244 creatures vanquished.

Vanquished Creatures (others)
  An orc high priest (D:11)
  An orc sorcerer (Lair:1)
  5 orc knights
  A black mamba (Snake:3)
  4 orc wizards
  7 orc warriors
  13 orc priests
  Terence (D:2)
  30 orcs
  An endoplasm (D:2)
  A hobgoblin (D:2)
  34 fungi
  64 plants
163 creatures vanquished.

Grand Total: 719 creatures vanquished

Notes
Turn   | Place    | Note
-------+----------+-------------------------------------------
     0 | D:1      | masschaos23 the Hill Orc Fighter began the quest for the
                  | Orb.
     0 | D:1      | Reached XP level 1. HP: 19/19 MP: 1/1
   152 | D:1      | Found Bonog's Book Shoppe.
   282 | D:1      | Reached XP level 2. HP: 27/27 MP: 2/2
   343 | D:1      | Reached skill level 3 in Axes
   702 | D:1      | Found a faded altar of an unknown god.
   961 | D:2      | Reached XP level 3. HP: 19/33 MP: 3/3
  1412 | D:2      | Reached skill level 4 in Axes
  1691 | D:2      | Reached XP level 4. HP: 28/40 MP: 4/4
  1752 | D:2      | Became a worshipper of Beogh the Brigand
  1986 | D:2      | Killed Terence
  2475 | D:3      | Reached skill level 5 in Axes
  2541 | D:3      | Reached XP level 5. HP: 23/47 MP: 5/5
  3590 | D:4      | Noticed Natasha
  3606 | D:4      | Killed Natasha
  3607 | D:4      | Reached XP level 6. HP: 43/53 MP: 6/6
  3628 | D:4      | Noticed Natasha
  3636 | D:4      | Killed Natasha
  3721 | D:4      | Noticed Grinder
  3721 | D:4      | Noticed Edmund
  3723 | D:4      | Paralysed by Grinder for 2 turns
  3733 | D:4      | Killed Edmund
  3734 | D:4      | Reached skill level 6 in Axes
  3749 | D:4      | Paralysed by Grinder for 4 turns
  3757 | D:4      | Killed Grinder
  3758 | D:4      | Reached skill level 7 in Axes
  3758 | D:4      | Reached skill level 5 in Armour
  3758 | D:4      | Reached skill level 1 in Dodging
  3758 | D:4      | Reached XP level 7. HP: 21/60 MP: 7/7
  3970 | D:4      | Reached skill level 5 in Fighting
  4000 | D:4      | Found a basalt altar of Yredelemnul.
  4206 | D:4      | Reached * piety under Beogh
  4228 | D:4      | Found an ancient bone altar of Kikubaaqudgha.
  4228 | D:4      | Noticed Pikel
  4248 | D:4      | Killed Pikel
  4249 | D:4      | Reached skill level 8 in Axes
  4249 | D:4      | Reached XP level 8. HP: 57/70 MP: 8/8
  4340 | D:4      | Reached skill level 9 in Axes
  4588 | D:4      | Noticed Natasha
  4598 | D:4      | Killed Natasha
  5561 | D:5      | Entered Level 5 of the Dungeon
  5561 | D:5      | Noticed Eustachio
  5583 | D:5      | Noticed Ijyb
  5890 | D:4      | Killed Ijyb
  6211 | D:5      | Killed Eustachio
  6358 | D:5      | Reached XP level 9. HP: 56/78 MP: 9/9
  6375 | D:5      | Reached skill level 10 in Axes
  6837 | D:5      | Reached ** piety under Beogh
  7287 | D:6      | Noticed Blork the orc
  7302 | D:6      | Killed Blork the orc
  7305 | D:6      | Reached skill level 11 in Axes
  7325 | D:6      | Identified a scroll of acquirement
  7325 | D:6      | Acquired a +5 war axe of electrocution
  7544 | D:6      | Noticed Prince Ribbit
  7559 | D:6      | HP: 3/79 [Prince Ribbit (13)]
  7597 | D:6      | Killed Prince Ribbit
  7967 | D:6      | Noticed Sigmund
  7982 | D:6      | Killed Sigmund
  7983 | D:6      | Reached skill level 12 in Axes
  8169 | D:6      | Noticed Maggie
  8175 | D:6      | Killed Maggie
  8176 | D:6      | Reached XP level 10. HP: 74/88 MP: 10/10
  8483 | D:7      | Reached skill level 1 in Throwing
  8483 | D:7      | Reached skill level 5 in Shields
  8758 | D:7      | Found a glowing golden altar of the Shining One.
  9086 | D:7      | Found a staircase to the Ecumenical Temple.
  9195 | D:6      | You fall into a shaft and drop 3 floors!
  9200 | D:9      | Identified the +11 long sword "Wiehekh" {holy, Str+4 Dex+6}
  9354 | D:9      | Found an opulent altar of Gozag.
  9491 | D:9      | Reached skill level 13 in Axes
  9496 | D:9      | Reached *** piety under Beogh
  9515 | D:9      | Reached skill level 1 in Long Blades
  9519 | D:9      | Found a staircase to the Orcish Mines.
 10276 | D:9      | Noticed a two-headed ogre
 10279 | D:9      | Killed a two-headed ogre
 10585 | Orc:1    | Entered Level 1 of the Orcish Mines
 10729 | Orc:1    | Found a roughly hewn altar of Beogh.
 10840 | Orc:2    | Entered Level 2 of the Orcish Mines
 10843 | Orc:2    | Noticed a two-headed ogre
 10853 | Orc:2    | Killed a two-headed ogre
 10854 | Orc:2    | Reached XP level 11. HP: 36/99 MP: 11/11
 10931 | Orc:2    | Noticed a two-headed ogre
 10943 | Orc:2    | Killed a two-headed ogre
 10987 | Orc:2    | Reached skill level 10 in Fighting
 10996 | Orc:2    | Noticed a two-headed ogre
 11002 | Orc:2    | Killed a two-headed ogre
 11003 | Orc:2    | Reached skill level 1 in Stealth
 11382 | Orc:2    | Noticed an orc warlord
 11387 | Orc:2    | Found a roughly hewn altar of Beogh.
 11393 | Orc:2    | Reached skill level 10 in Armour
 11393 | Orc:2    | Killed an orc warlord
 11394 | Orc:2    | Reached skill level 14 in Axes
 11417 | Orc:2    | Noticed an orc high priest
 11417 | Orc:2    | Reached **** piety under Beogh
 11421 | Orc:2    | Killed an orc high priest
 11425 | Orc:2    | Found Hulisule's Antique Armour Shoppe.
 11671 | Orc:2    | Noticed an orc high priest
 11680 | Orc:2    | Killed an orc high priest
 11869 | Orc:2    | Found Siufayb's Antique Weapon Shop.
 11869 | Orc:2    | Noticed an orc high priest
 11877 | Orc:2    | Noticed a sixfirhy
 11880 | Orc:2    | Killed an orc high priest
 12155 | Orc:2    | Noticed an orc high priest
 12673 | Orc:2    | Found a roughly hewn altar of Beogh.
 12689 | Orc:2    | Noticed an orc high priest
 12692 | Orc:2    | Noticed a soul eater
 12695 | Orc:2    | Killed an orc high priest
 12726 | Orc:2    | Noticed an orc sorcerer
 12726 | Orc:2    | Noticed a two-headed ogre
 12726 | Orc:2    | Noticed an orc sorcerer
 12726 | Orc:2    | Noticed an orc knight
 12731 | Orc:2    | Noticed a sixfirhy
 12732 | Orc:2    | Killed a two-headed ogre
 12736 | Orc:2    | Noticed a sixfirhy
 12749 | Orc:2    | Killed an orc sorcerer
 13001 | Orc:2    | Found Xyekatioc's Magic Scroll Emporium.
 13001 | Orc:2    | Noticed an orc knight
 13027 | Orc:2    | Found Metzuysy's Book Shoppe.
 13027 | Orc:2    | Noticed an orc knight
 13027 | Orc:2    | Noticed an orc knight
 13037 | Orc:2    | Killed an orc knight
 13038 | Orc:2    | Reached skill level 15 in Axes
 13278 | Orc:2    | Noticed a cyclops
 13285 | Orc:2    | Killed a cyclops
 13286 | Orc:2    | Reached XP level 12. HP: 90/110 MP: 12/12
 13575 | Orc:2    | Noticed an orc warlord
 13596 | Orc:2    | Killed an orc warlord
 14419 | Orc:2    | Found a staircase to the Elven Halls.
 14671 | Orc:2    | Bought a scroll of magic mapping for 75 gold pieces
 14671 | Orc:2    | Bought 2 scrolls of identify for 40 gold pieces
 15688 | D:9      | Gained mutation: You possess an exceptional clarity of
                  | mind. [potion of mutation]
 15688 | D:9      | Gained mutation: You are robust. (+10% HP) [potion of
                  | mutation]
 16552 | D:10     | Entered Level 10 of the Dungeon
 16735 | D:10     | Gained Agrik as an ally
 16779 | D:10     | Found an ornate altar of the Wu Jian Council.
 16866 | D:10     | Reached ***** piety under Beogh
 17234 | D:10     | Noticed a two-headed ogre
 17243 | D:10     | Killed a two-headed ogre
 17503 | D:10     | Identified the +6 spear "Isepal" {flame, rPois Will+}
 18255 | D:9      | Acquired the +5 broad axe "Yxei" {freeze, Fly rC++ Str+4
                  | Dex-4}
 19369 | D:11     | Noticed a boulder beetle
 19384 | D:11     | Killed a boulder beetle
 19463 | D:11     | Noticed a two-headed ogre
 19470 | D:11     | Killed a two-headed ogre
 19471 | D:11     | Reached skill level 16 in Axes
 19889 | D:11     | Your ally Agrik died
 19897 | D:11     | Reached skill level 1 in Evocations
 19906 | D:11     | Reached skill level 1 in Invocations
 20244 | D:11     | Found a staircase to the Lair.
 20250 | D:11     | Reached XP level 13. HP: 130/130 MP: 13/13
 20693 | Lair:1   | Entered Level 1 of the Lair of Beasts
 20995 | Lair:1   | Gained Milork as an ally
 21961 | Lair:2   | Your ally Milork died
 22080 | Lair:2   | Identified the +7 chain mail "Paor" {rPois}
 22102 | Lair:2   | Gained Herok as an ally
 22134 | Lair:2   | Reached ****** piety under Beogh
 22138 | Lair:2   | Reached skill level 10 in Shields
 22139 | Lair:2   | Gained Wargath as an ally
 22152 | Lair:2   | Gained Berold as an ally
 22590 | Lair:2   | Found a staircase to the Swamp.
 24265 | Lair:3   | Reached XP level 14. HP: 73/143 MP: 15/15
 24272 | Lair:3   | Your ally Berold died
 25436 | Lair:3   | Reached skill level 17 in Axes
 25768 | Lair:3   | Found a staircase to the Snake Pit.
 25792 | Lair:3   | Gained Brunolf as an ally
 26660 | Snake:1  | Entered Level 1 of the Snake Pit
 26841 | Snake:1  | Noticed Nikola
 26849 | Snake:1  | Killed Nikola
 26953 | Snake:1  | Reached skill level 5 in Dodging
 27510 | Snake:2  | Noticed a nagaraja
 27520 | Snake:2  | Killed a nagaraja
 28515 | Snake:3  | Found Dootog's Distillery.
 28539 | Snake:3  | Bought a potion of mutation for 144 gold pieces
 28539 | Snake:3  | Bought a potion of curing for 54 gold pieces
 28539 | Snake:3  | Bought a potion of curing for 54 gold pieces
 28539 | Snake:3  | Bought 2 potions of curing for 108 gold pieces
 28539 | Snake:3  | Bought 2 potions of curing for 108 gold pieces
 28551 | Snake:3  | Lost mutation: You are robust. (+10% HP) [potion of
                  | mutation]
 28551 | Snake:3  | Lost mutation: You possess an exceptional clarity of mind.
                  | [potion of mutation]
 28551 | Snake:3  | Gained mutation: Your system is resistant to poisons.
                  | (rPois) [potion of mutation]
 28551 | Snake:3  | Gained mutation: Your spells are a little harder to cast,
                  | but a little more powerful. [potion of mutation]
 28551 | Snake:3  | Gained mutation: You passively map a small area around you.
                  | [potion of mutation]
 28632 | Snake:3  | HP: 4/199 [naga warrior/+0 dire flail (23)]
 28634 | Snake:3  | Gained Morun as an ally
 28634 | Snake:3  | Slain by a guardian serpent

Illustrated notes

Levels and vault maps discovered:
D:1:      tarquinn_simple_flora_water_c, layout_loops_ring,
          basic_ecumenical_altar, serial_shops,
          nicolae_shop_temple_entry_statues_fountains
D:2:      layout_loops_corners, grunt_ministairs_6, hangedman_decor_push,
          uniq_terence
D:3:      layout_basic
D:4:      layout_gridville, mainiacjoe_overflow_surrounded_room,
          mainiacjoe_overflow_small_starburst, uniq_natasha, uniq_grinder,
          uniq_pikel, uniq_edmund
D:5:      layout_cave_pools, kennysheep_generic_room_10, uniq_eustachio,
          uniq_ijyb
D:6:      layout_rooms, uniq_prince_ribbit1, uniq_maggie, uniq_blork_the_orc,
          uniq_sigmund
D:7:      layout_rooms, nicolae_tso_carved_into_rock, temple_hall,
          nrook_mini_vaults, serial_bayou_pond_e
D:9:      layout_basic, overflow_temple_1_default, orc_david_3,
          hellmonk_bongcloud_opening
D:10:     layout_basic, lemuel_round_altar, special_room [special_room_bee],
          serial_rivers, chequers_serial_rivers_micro_b,
          chequers_serial_rivers_micro_c, chequers_serial_rivers_micro_c,
          chequers_serial_rivers_room_a, minmay_misc_feat_iff
D:11:     layout_long_grid, dpeg_oklobed_lair, minivault_15,
          kennysheep_cross_bottleneck
Lair:1:   layout_cave_pods, fungi_pond_lemuel, infiniplex_staircase_pool
Lair:2:   layout_regular_city, minmay_swamp_entry_reptiles, serial_bayou_pond_a,
          st_stairs_13, grunt_megastairs_4
Lair:3:   nzn_winding_woodlands_huge [nzn_winding_woodlands_5x15_pathside_ponds,
          nzn_winding_woodlands_5x15_garden,
          nzn_winding_woodlands_5x15_sidewinder,
          nzn_winding_woodlands_5x15_jagged,
          nzn_winding_woodlands_5x15_longhouse,
          nzn_winding_woodlands_5x15_lazy_stream,
          nzn_winding_woodlands_5x15_parted, nzn_winding_woodlands_5x15_pool,
          nzn_winding_woodlands_5x15_twine, nzn_winding_woodlands_5x15_default,
          nzn_winding_woodlands_center_diamonds,
          nzn_winding_woodlands_center_pierced_h,
          nzn_winding_woodlands_15x15_five_gardens], layout_gridlike,
          dummy_snake_entry, serial_bayou_shore_a
Snake:1:  layout_gridlike, uniq_nikola
Snake:2:  layout_misc_corridors
Snake:3:  layout_cave_shapes, minmay_shop_star, lemuel_fruit_tree,
          grunt_megastairs_1
Orc:1:    layout_diamond_mine, lemuel_statue_altar
Orc:2:    pubby_orc_utopia, serial_shops

Skill      XL: |  1  2  3  4  5  6  7  8  9 10 11 12 13 14 |
---------------+-------------------------------------------+-----
Axes           | 3 4 5 7 8 9 12 13 15 16 17 | 17.7
Fighting       | 4 5 6 7 9 11 12 13 14 | 14.6
Armour         | 4 5 6 7 8 9 10 12 13 | 13.6
Dodging        | 1 2 3 5 |  5.2
Shields        | 4 5 6 8 11 12 | 12.3
Throwing       | 1 |  1.7
Long Blades    | 2 3 |  3.9
Stealth        | 1 2 |  2.5
Evocations     | 1 |  1.7
Invocations    | 1 2 |  2.9

Action                   |  1- 3 |  4- 6 |  7- 9 | 10-12 | 13-15 || total
-------------------------+-------+-------+-------+-------+-------++-------
Melee: War axe           |    94 |   133 |   252 |   324 |    97 ||   900
       Long sword        |       |       |       |    17 |       ||    17
       Broad axe         |       |       |       |    57 |   153 ||   210
Throw: Dart              |       |       |    13 |       |       ||    13
Invok: Convert to Beogh  |       |     1 |       |       |       ||     1
       Recall Orcish Fol |       |       |       |     5 |     8 ||    13
       Stop Recall       |       |       |       |     1 |       ||     1
       Give Item to Name |       |       |       |       |     3 ||     3
       Resurrection      |       |       |       |       |     1 ||     1
Evoke: Wand              |       |       |     4 |     3 |       ||     7
       Piece from Xom's  |       |       |       |     1 |     2 ||     3
       Box of beasts     |       |       |       |       |     2 ||     2
  Use: Potion            |       |       |     3 |     7 |     6 ||    16
       Scroll            |       |       |     9 |    13 |    10 ||    32
 Stab: Distracted        |       |       |       |     3 |     5 ||     8
Armor: Scale mail        |    37 |    44 |       |       |       ||    81
       Plate armour      |       |    31 |   178 |   122 |    16 ||   347
       Ring mail         |       |       |       |    16 |       ||    16
       Skin              |       |       |       |       |    44 ||    44
       Chain mail        |       |       |       |       |    37 ||    37
Dodge: Dodged            |    37 |    56 |    95 |    79 |   102 ||   369
Block: Buckler           |    19 |    36 |    60 |    56 |       ||   171
       Tower shield      |       |       |       |   138 |   281 ||   419
